 Dungeon Crawl Stone Soup version 0.17-a0-1769-g54adf96 (webtiles) character file.

41 zeke the Digger (level 3, 0/31 HPs)
             Began as a Troll Earth Elementalist on Sept 7, 2015.
             Slain by a jackal (2 damage)
             ... on level 2 of the Dungeon.
             The game lasted 00:02:33 (759 turns).

zeke the Digger (Troll Earth Elementalist)           Turns: 759, Time: 00:02:33

Health: 0/31       AC:  5    Str: 17    XL:     3   Next: 32%
Magic:  4/4        EV: 10    Int: 11    God:
Gold:   79         SH:  0    Dex: 10    Spells: 1 memorised, 3 levels left

rFire  . . .     SeeInvis .     (no weapon)
rCold  . . .     Clarity  .     b - +0 robe
rNeg   . . .     SustAt   .     (no shield)
rPois  .         Gourm    +     (helmet restricted)
rElec  .         Spirit   .     (no cloak)
rCorr  .         Warding  .     (gloves unavailable)
rMut   .         Stasis   .     (boots unavailable)
MR     .....                    (no amulet)
Stlth  +.........               (no ring)
                                (no ring)

@: lethally poisoned (0 -> 0), not resistant to hostile enchantments, very
unstealthy
A: unfitting armour, claws 3, fast metabolism 3, gourmand, regeneration 2,
shaggy fur 1, tough skin 2
a: no special abilities


You were on level 2 of the Dungeon.
You were very full.

You visited 1 branch of the dungeon, and saw 2 of its levels.

You collected 79 gold pieces.

Inventory:

Hand weapons
 j - a +2 flail of crushing
Missiles
 a - 22 stones (quivered)
Armour
 b - a +0 robe (worn)
Scrolls
 g - a scroll of teleportation {unknown}
 h - a scroll of identify {unknown}
Potions
 e - 2 potions of curing {unknown}
 f - a potion of ambrosia {unknown}
Books
 c - a book of Geomancy

   Spells                             Type                      Level
   a - Sandblast                      Earth                        1
   b - Stoneskin                      Transmutation/Earth          2
   c - Passwall                       Transmutation/Earth          3
   d - Stone Arrow                    Conjuration/Earth            3
   e - Petrify                        Transmutation/Earth          4
   f - Lee's Rapid Deconstruction     Earth                        5
Comestibles
 d - 2 bread rations
 i - a meat ration


   Skills:
 + Level 0.1 Fighting
 + Level 2.0 Dodging
 + Level 1.4 Stealth
 + Level 0.8 Unarmed Combat
 + Level 1.3 Spellcasting
   Level 0.6 Transmutations
 + Level 3.1 Earth Magic


You had 3 spell levels left.
You knew the following spells:

 Your Spells              Type           Power        Failure   Level  Hunger
a - Sandblast             Erth           #.....       12%         1    ##.....


Dungeon Overview and Level Annotations

Branches:
Dungeon (2/15)

Altars:


Innate Abilities, Weirdness & Mutations

You are too large for most types of armour.
You have claws for hands.
Your metabolism is lightning-fast.
You like to eat raw meat.
You heal very quickly.
You are covered in fur (AC +1).
You have very tough skin (AC +2).


Message History

You scratch the jackal but do no damage.
The jackal is almost dead.
The jackal bites you but does no damage.
The adder bites you.
* * * LOW HITPOINT WARNING * * *
The jackal bites you but does no damage.
The adder bites you.
* * * LOW HITPOINT WARNING * * *
You barely miss the jackal.
The jackal is almost dead.
The jackal bites you but does no damage.
The adder bites you but does no damage.
You miss the jackal.
The jackal is almost dead.
You feel sick. The jackal closely misses you. The adder bites you.
* * * LOW HITPOINT WARNING * * *
You barely miss the jackal.
The jackal is almost dead.
The jackal bites you.
You die...

##.≈≈♣♣♣♣≈≈P....#
####.P≈♣♣ ♣≈≈P....# #.
......PP♣♣
♣♣≈≈....#####...
.....P≈≈≈♣≈P≈≈...##......#
.†.....PP≈≈≈≈....##....###
.......##≈≈P≈..[..#....#
.......# ##.P.##.......#
........# .... #h#.....#
.......... ## #@Sb....#
........># ###.....#
.......... #.....#..#
..##....## #†........ ...
... #.....)........ ...#
.####.......... ##.#
#......#.... .......%....$
....#.........


You could see an adder, a jackal and a bat.

Vanquished Creatures
  An adder (D:2)
  A worm (D:2)
  3 hobgoblins (D:1)
  3 jackals (D:2)
  6 bats
  5 goblins
  3 kobolds
  6 rats
28 creatures vanquished.

Notes
Turn   | Place    | Note
--------------------------------------------------------------
     0 | D:1      | zeke the Troll Earth Elementalist began the quest for the Orb.
     0 | D:1      | Reached XP level 1. HP: 16/16 MP: 1/1
   223 | D:1      | Reached skill level 3 in Earth Magic
   249 | D:1      | Reached XP level 2. HP: 24/24 MP: 0/2
   732 | D:2      | Reached XP level 3. HP: 25/31 MP: 4/4
   759 | D:2      | Slain by a jackal

Vault maps used:
D:1:      onia_arrival_pyramid, minivault_11, corexii_leaking_fountain,
          serial_bayou_pond_b, dk_noncrumbling_4
D:2:      serial_bayou, serial_bayou_shore_b, serial_bayou_pond_c,
          serial_bayou_crossing, serial_bayou_pond_d, moated_statue,
          minivault_27

Action                   || total
-------------------------++-------
Melee: Unarmed           ||   104
 Cast: Sandblast         ||     2
 Stab: Sleeping          ||     2
  Eat: Chunk             ||    12
